Map: [ESL] Moondance

Players

LiquidClem (Clem) - Winner!

  • Race: Terran Terran
  • Spawn Location: 12:00

Astrea

  • Race: Protoss Protoss
  • League: Master
  • Spawn Location: 6:00

Event: HomeStory Cup XXI

VOD

Have the link to the VOD?

Description

Time

  • Played on: July 24, 2022, 2:32 p.m.
  • Length: 10:05

All games in this series

Show
View Real Time Build Order
Export as new Build Order

LiquidClem Terran - Winner!

Build Orders: Reaper Expand 

Get SALT Encoding   

  12  0:00  SCV  
  13  0:12  SCV  
  14  0:16  Supply Depot  
  14  0:24  SCV  
  15  0:38  SCV  
  15  0:39  Barracks  
  16  0:43  Refinery  
  16  0:50  SCV  
  17  1:02  SCV  
  18  1:14  SCV  
  19  1:26  Orbital Command, Reaper  
  20  1:41  Command Center  
  20  1:51  Supply Depot  
  20  1:52  SCV  
  21  1:58  Marine  
  22  2:04  SCV  
  23  2:09  Factory  
  23  2:16  Marine  
  23  2:17  Bunker  
  23  2:20  SCV  
  25  2:26  Refinery  
  25  2:32  SCV  
  25  2:34  Barracks Reactor  
  26  2:44  SCV  
  27  2:53  Orbital Command  
  27  2:55  Starport  
  27  2:56  SCV  
  28  2:59  Hellion  
  30  3:08  SCV  
  30  3:11  Marine x2  
  33  3:15  Supply Depot  
  33  3:19  SCV  
  34  3:20  Factory Tech Lab, SCV  
  35  3:29  Supply Depot  
  35  3:30  Marine x2  
  35  3:31  SCV  
  35  3:33  SCV  
  39  3:41  Raven  
  39  3:43  SCV  
  39  3:45  SCV  
  39  3:47  Factory Tech Lab  
  43  3:48  Barracks  
  43  3:51  Marine x2  
  45  3:56  SCV  
  45  3:57  SCV  
  47  4:07  Siege Tank  
  47  4:08  SCV  
  47  4:09  SCV  
  50  4:11  Marine x2  
  50  4:14  Supply Depot  
  50  4:16  Barracks  
  51  4:21  SCV x2  
  51  4:23  Refinery  
  53  4:31  Marine x2  
  53  4:32  Supply Depot  
  53  4:33  SCV  
  53  4:36  SCV  
  57  4:39  Siege Tank  
  57  4:41  Marine  
  57  4:45  SCV  
  62  4:48  SCV, Supply Depot  
  62  4:49  Marine, Stimpack  
  62  4:52  Marine  
  65  4:55  Refinery  
  65  4:59  Engineering Bay, SCV  
  66  5:00  SCV  
  66  5:07  Marine  
  67  5:11  SCV, Siege Tank  
  67  5:13  Supply Depot  
  67  5:14  Marine  
  73  5:16  Viking  
  73  5:18  Marine  
  74  5:22  Marine  
  74  5:23  SCV  
  74  5:26  Marine  
  74  5:27  SCV  
  77  5:30  Supply Depot  
  77  5:33  Marine  
  78  5:38  Supply Depot  
  78  5:39  SCV  
  79  5:43  Terran Infantry Weapons Level 1  
  79  5:44  Marine  
  79  5:45  Marauder  
  79  5:47  SCV  
  79  5:48  Marine  
  82  5:51  Marine  
  82  5:52  SCV  
  82  6:02  Marine  
  84  6:06  Barracks Tech Lab, Starport Reactor, Factory Reactor  
  83  6:14  Supply Depot, Command Center  
  83  6:16  Marine  
  83  6:17  Marauder  
  86  6:20  SCV  
  86  6:22  Marine  
  86  6:25  Combat Shield  
  89  6:26  Supply Depot  
  89  6:28  Concussive Shells  
  89  6:29  Marauder  
  90  6:34  Marine  
  90  6:38  Supply Depot  
  90  6:39  SCV, Marauder  
  94  6:40  Marine  
  94  6:43  Medivac x2  
  94  6:46  Widow Mine x2  
  103  6:49  Supply Depot  
  103  6:52  Marine, Marauder  
  106  6:58  Marine  
  106  7:00  Marauder  
  109  7:02  SCV x2  
  109  7:07  Barracks  
  108  7:08  Barracks  
  108  7:09  Marine  
  108  7:10  Widow Mine x2  
  108  7:14  SCV  
  112  7:20  Medivac x2  
  116  7:25  Marauder  
  116  7:28  Supply Depot  
  118  7:30  Orbital Command  
  118  7:31  SCV, Widow Mine x2  
  118  7:33  Marine  
  118  7:34  Marine  
  125  7:38  SCV  
  126  7:44  Terran Infantry Armor Level 1  
  126  7:45  SCV, Supply Depot  
  126  7:46  Marine  
  126  7:48  Marauder  
  121  7:51  Marine  
  121  7:52  SCV  
  121  7:57  Barracks Tech Lab, Barracks Reactor  
  117  7:58  Marine  
  117  8:03  Medivac  
  117  8:04  Marine  
  117  8:09  Marine, Marauder  
  117  8:12  SCV  
  110  8:14  Widow Mine x2  
  110  8:16  Marine  
  110  8:17  Marauder  
  110  8:19  SCV  
  116  8:22  Marine  
  116  8:25  SCV  
  118  8:27  Medivac  
  118  8:31  Marauder  
  118  8:33  Marine  
  118  8:34  SCV, Marine x3  
  124  8:37  SCV  
  124  8:38  Refinery  
  124  8:39  Marauder  
  124  8:40  Marauder  
  132  8:41  Widow Mine  
  132  8:42  Widow Mine  
  136  8:49  Viking  
  136  8:51  Marine  
  136  8:52  Marauder  
  136  8:54  Marine x2  
  143  8:57  SCV  
  143  8:59  Supply Depot  
  143  9:00  Marine  
  143  9:01  SCV, Marauder  
  141  9:04  Marauder  
  129  9:10  Marine  
  129  9:11  Marine  
  129  9:13  Viking  
  129  9:14  Marauder, Widow Mine x2  
  134  9:18  Marine x2  
  134  9:22  Marauder  
  134  9:23  Armory  
  134  9:24  Engineering Bay  
  138  9:25  Marauder  
  138  9:30  Command Center  
  140  9:34  Marine  
  137  9:38  Marauder  
  137  9:40  Marine  
  137  9:43  Marine, Widow Mine x2  
  147  9:46  Marine  
  147  9:47  Marine  
  146  9:58  Supply Depot  
Show
View Real Time Build Order
Export as new Build Order

Astrea Protoss 

Build Orders: 1 Gate Expand, Blink Stalkers 

Get SALT Encoding   

  12  0:00  Probe  
  13  0:12  Probe  
  14  0:16  Pylon  
  14  0:24  Probe (Chrono Boost)  
  16  0:35  Gateway  
  16  0:36  Probe (Chrono Boost)  
  16  0:43  Probe (Chrono Boost)  
  16  0:45  Assimilator  
  17  0:51  Probe  
  18  1:03  Probe  
  19  1:15  Probe  
  20  1:22  Cybernetics Core  
  20  1:31  Nexus  
  20  1:33  Probe  
  20  1:39  Pylon  
  21  1:45  Probe  
  22  1:48  Assimilator  
  22  1:55  Adept (Chrono Boost)  
  22  1:57  Probe  
  22  1:59  Warp Gate  
  25  2:09  Probe  
  26  2:15  Stalker (Chrono Boost)  
  26  2:21  Probe  
  29  2:33  Twilight Council  
  29  2:34  Probe  
  30  2:43  Probe  
  31  2:46  Probe  
  31  2:50  Gateway  
  32  2:55  Probe  
  32  2:57  Gateway  
  33  3:00  Probe  
  34  3:07  Probe, Blink (Chrono Boost)  
  34  3:12  Probe  
  36  3:18  Robotics Facility  
  36  3:20  Probe  
  36  3:24  Probe  
  38  3:28  Pylon  
  38  3:32  Probe  
  39  3:36  Probe  
  40  3:44  Probe  
  40  3:47  Stalker  
  44  3:48  Probe  
  44  3:49  Stalker  
  44  3:52  Stalker  
  48  3:56  Pylon  
  48  3:57  Assimilator  
  48  4:00  Probe  
  50  4:03  Warp Prism (Chrono Boost)  
  49  4:15  Stalker x2  
  53  4:20  Stalker  
  53  4:24  Pylon  
  55  4:27  Probe x2  
  57  4:38  Stalker x2  
  61  4:41  Probe  
  61  4:42  Probe  
  63  4:49  Stalker  
  63  4:51  Pylon  
  65  4:53  Probe  
  65  4:54  Probe  
  65  4:56  Observer  
  65  4:59  Assimilator  
  67  5:10  Stalker x2  
  67  5:11  Probe  
  71  5:15  Probe  
  72  5:23  Probe  
  72  5:27  Probe  
  72  5:29  Stalker  
  72  5:33  Stalker x2  
  72  5:35  Assimilator  
  78  5:37  Pylon  
  78  5:50  Robotics Bay  
  78  6:02  Probe  
  78  6:03  Probe  
  74  6:06  Nexus, Charge (Chrono Boost)  
  74  6:07  Pylon  
  70  6:13  Sentry  
  70  6:14  Observer, Probe  
  70  6:15  Probe, Immortal (Chrono Boost)  
  78  6:18  Shield Battery  
  78  6:27  Probe x2  
  78  6:30  Pylon  
  80  6:39  Probe x2  
  82  6:43  Colossus (Chrono Boost)  
  82  6:45  Pylon  
  88  6:50  Forge  
  88  6:51  Probe x2  
  88  6:52  Observer  
  90  6:56  Extended Thermal Lance  
  90  6:58  Sentry  
  92  7:03  Probe x2  
  92  7:08  Observer  
  94  7:15  Probe x2  
  96  7:17  Gateway x2  
  96  7:21  Colossus (Chrono Boost)  
  96  7:27  Sentry, Probe x2  
  96  7:28  Zealot  
  106  7:31  Probe  
  107  7:38  Protoss Ground Weapons Level 1 (Chrono Boost), Zealot  
  107  7:41  Gateway  
  101  7:54  Zealot x2  
  97  8:03  Zealot  
  91  8:10  Probe  
  87  8:14  Zealot x3  
  87  8:19  Pylon  
  87  8:20  Shield Battery  
  87  8:22  Gateway  
  87  8:25  Robotics Facility  
  87  8:26  Pylon  
  87  8:27  Zealot  
  87  8:31  Assimilator  
  87  8:32  Templar Archives, Pylon  
  87  8:34  Gateway  
  89  8:37  Zealot x3  
  89  8:40  Pylon  
  95  8:52  Stalker  
  95  8:58  Zealot x3  
  95  9:01  Observer  
  74  9:11  Colossus (Chrono Boost)  
  77  9:17  Pylon  
  77  9:20  Stalker x4, Sentry  
  87  9:27  Pylon  
  87  9:29  Stalker  
  85  9:40  Nexus  
  85  9:45  Stalker x5  
Tags
 
Add a new tag
Caveats
  • Supply blocks, unpowered buildings, or Contaminate may cause inaccurate times.
  • Supply counts are checked every 10 seconds.